Map: Lerilak Crest

Players

LilDicky - Winner!

  • Race: Terran Terran
  • League: Diamond

cicatriz

  • Race: Zerg Zerg
  • League: Diamond

VOD

http://www.twitch.tv/tumescentpie

Description

Time

  • Played on: Nov. 26, 2015, 12:29 p.m.
  • Length: 11:37
Show
View Real Time Build Order
Export as new Build Order

LilDicky Terran - Winner!

Build Orders:  

Get SALT Encoding   

  12  0:01  SCV  
  13  0:13  SCV  
  14  0:18  Supply Depot  
  14  0:25  SCV  
  15  0:28  Refinery  
  15  0:39  SCV  
  16  0:45  Barracks  
  16  0:51  SCV  
  17  1:04  SCV  
  18  1:16  SCV  
  19  1:28  SCV  
  20  1:35  Command Center  
  20  1:36  Reaper  
  21  1:46  Orbital Command  
  21  2:11  Factory, Marine  
  21  2:12  SCV  
  23  2:15  Refinery  
  23  2:38  Supply Depot  
  23  2:46  SCV, Marine  
  23  2:48  Orbital Command  
  25  2:57  Starport  
  25  2:58  SCV  
  25  2:59  Factory Tech Lab  
  26  3:07  Bunker  
  26  3:08  Marine  
  26  3:11  Orbital Command  
  27  3:14  SCV  
  27  3:19  Siege Tank  
  31  3:26  SCV  
  31  3:40  SCV, Supply Depot  
  32  3:41  SCV  
  32  3:43  Starport Tech Lab  
  32  3:48  Marine  
  34  3:52  SCV  
  34  3:53  SCV  
  36  4:04  SCV  
  36  4:05  Supply Depot, Marine  
  36  4:06  SCV  
  39  4:15  Banshee, Cloaking Field  
  39  4:16  SCV, Siege Tank  
  45  4:18  SCV  
  46  4:28  SCV  
  46  4:30  Barracks Reactor  
  46  4:31  Command Center, SCV  
  47  4:38  Supply Depot  
  48  4:40  SCV  
  48  4:43  SCV  
  50  4:52  SCV  
  51  4:54  Refinery x2  
  51  4:56  SCV  
  51  4:58  Banshee  
  55  5:04  SCV, Engineering Bay  
  55  5:06  Siege Tank  
  59  5:08  SCV  
  60  5:16  SCV  
  61  5:42  SCV x2  
  63  5:55  Command Center, Banshee  
  63  5:56  Siege Tank  
  69  6:03  SCV x2  
  71  6:24  SCV  
  72  6:28  Siege Tank  
  75  6:34  Command Center  
  75  6:35  Command Center x2  
  68  7:28  Orbital Command  
  62  7:31  Banshee, Siege Tank  
  63  7:49  Planetary Fortress  
  63  7:50  Planetary Fortress  
  63  7:52  Command Center  
  63  7:53  SCV  
  63  8:01  Planetary Fortress  
  63  8:05  Command Center  
  63  8:08  Siege Tank  
  63  8:11  Starport x2  
  66  8:14  Banshee  
  66  8:17  Missile Turret  
  66  8:19  Missile Turret x3  
  69  8:21  Missile Turret  
  69  8:22  Missile Turret  
  69  8:23  Missile Turret  
  69  8:29  SCV  
  69  8:30  SCV x2  
  72  8:41  Refinery, Missile Turret x2  
  72  8:42  SCV x2, Missile Turret  
  72  8:43  Refinery  
  72  8:46  Command Center  
  74  8:52  SCV  
  74  8:53  SCV  
  76  8:56  Starport Reactor x2  
  76  8:57  Banshee  
  76  8:59  Armory  
  76  9:00  Armory, SCV x2  
  81  9:05  SCV  
  81  9:08  SCV, Fusion Core  
  83  9:12  SCV x2  
  83  9:17  SCV  
  86  9:23  Missile Turret x2  
  86  9:31  Liberator x3  
  86  9:32  Liberator  
  86  9:37  Missile Turret  
  86  9:41  SCV, Missile Turret  
  86  9:42  Command Center, SCV x3  
  86  9:44  Planetary Fortress  
  90  9:49  Banshee  
  105  9:54  Advanced Ballistics  
  105  10:02  Refinery  
  105  10:12  SCV  
  106  10:14  Refinery  
  93  10:59  Siege Tank  
  93  11:03  SCV x2  
  89  11:09  SCV  
  89  11:10  SCV  
  103  11:25  Command Center  
  103  11:32  Missile Turret  
  108  11:35  Missile Turret  
Show
View Real Time Build Order
Export as new Build Order

cicatriz Zerg 

Build Orders: Hatch First 

Get SALT Encoding   

  12  0:01  Drone  
  13  0:12  Overlord  
  13  0:17  Drone  
  14  0:30  Drone x2  
  14  0:34  Drone  
  17  0:53  Hatchery  
  17  0:56  Drone  
  17  0:59  Extractor  
  17  1:01  Drone  
  17  1:15  Spawning Pool  
  16  1:21  Drone x2  
  18  1:29  Drone  
  19  1:38  Overlord  
  19  1:52  Drone  
  20  2:07  Metabolic Boost  
  20  2:08  Queen  
  20  2:10  Queen  
  20  2:13  Zergling x4  
  26  2:18  Drone x2  
  28  2:27  Drone x2  
  30  2:37  Overlord  
  30  2:38  Overlord  
  30  2:46  Queen  
  30  2:49  Drone  
  30  2:50  Drone  
  34  3:04  Drone x2  
  36  3:15  Hatchery  
  36  3:18  Drone  
  36  3:19  Drone x4  
  40  3:21  Drone  
  40  3:22  Drone  
  40  3:24  Drone  
  41  3:36  Drone x4  
  45  3:42  Extractor  
  45  3:43  Drone, Extractor  
  44  3:50  Drone x2  
  44  3:51  Roach Warren, Drone  
  44  3:53  Drone x2  
  44  3:54  Drone  
  49  3:59  Overlord  
  49  4:01  Overlord  
  49  4:20  Overlord  
  49  4:21  Overlord x2  
  49  4:26  Extractor  
  49  4:27  Drone  
  49  4:28  Drone x4  
  53  4:32  Roach x4  
  61  4:40  Spore Crawler  
  61  4:42  Spore Crawler  
  61  4:44  Roach x3  
  65  4:56  Drone x3  
  68  5:01  Roach x5  
  68  5:03  Roach  
  68  5:06  Roach  
  82  5:10  Queen  
  83  5:25  Spine Crawler  
  82  5:32  Ravager x6  
  88  5:40  Drone x3, Spore Crawler  
  88  5:42  Spore Crawler  
  89  5:44  Roach  
  89  5:45  Roach x3, Zergling x4  
  89  5:47  Overlord  
  89  5:49  Overlord  
  97  6:05  Drone x5  
  97  6:06  Drone  
  103  6:23  Roach  
  103  6:24  Roach x4  
  103  6:25  Overlord x2  
  113  6:26  Lair  
  113  6:32  Evolution Chamber  
  112  6:33  Extractor  
  112  6:34  Evolution Chamber  
  109  6:48  Roach  
  109  6:49  Roach x9  
  74  7:38  Ravager, Overseer  
  74  7:39  Overseer  
  74  7:40  Hydralisk Den  
  72  7:48  Drone x4  
  72  7:49  Drone x7  
  66  8:00  Pneumatized Carapace  
  66  8:01  Zerg Missile Weapons Level 1, Zerg Ground Armor Level 1  
  66  8:02  Glial Reconstitution  
  66  8:05  Hatchery  
  65  8:06  Spore Crawler  
  65  8:10  Hydralisk x2, Muscular Augments  
  65  8:11  Hydralisk x4  
  74  8:19  Hydralisk x4  
  78  8:24  Extractor  
  81  8:35  Roach  
  81  8:36  Roach x8  
  81  8:38  Roach  
  101  9:04  Roach x10  
  121  9:25  Zergling x2  
  121  9:26  Zergling x20  
  121  9:27  Ravager x3  
  121  9:30  Overlord  
  135  9:32  Overlord x3  
  135  9:39  Lurker Den  
  135  9:51  Ravager x4  
  135  9:52  Ravager x3  
  142  9:55  Ravager  
  142  9:56  Zergling x8  
  142  9:57  Zergling x12  
  142  9:59  Zergling x2  
  154  10:15  Baneling Nest, Drone x2  
  154  10:16  Drone x3  
Tags
 
Add a new tag
Caveats
  • Supply blocks, unpowered buildings, or Contaminate may cause inaccurate times.
  • Supply counts are checked every 10 seconds.